 Dungeon Crawl Stone Soup version 0.21-a0-238-geb0acef (webtiles) character file.

72 CotterCat the Vexing (level 4, -1/33 HPs)
             Began as a Formicid Arcane Marksman on Sept 3, 2017.
             Slain by a hobgoblin (3 damage)
             ... led by Robin
             ... on level 2 of the Dungeon.
             The game lasted 00:09:42 (2068 turns).

CotterCat the Vexing (Formicid Arcane Marksman)     Turns: 2068, Time: 00:09:43

Health: -1/33      AC:  3    Str: 15    XL:     4   Next: 50%
Magic:  5/5        EV: 12    Int: 12    God:
Gold:   76         SH:  0    Dex: 12    Spells: 2/5 levels left

rFire    . . .     SeeInvis +   n - +0 whip
rCold    . . .     Gourm    .   (no shield)
rNeg     . . .     Faith    .   q - +1 robe {MR+}
rPois    .         Spirit   .   (helmet unavailable)
rElec    .         Reflect  .   (no cloak)
rCorr    .         Harm     .   (no gloves)
MR       +....                  (no boots)
Stlth    +.........             i - amulet of magic regeneration
HPRegen  0.11/turn              (no ring)
MPRegen  0.34/turn              (no ring)

@: no status effects
A: permanent stasis, dig shafts and tunnels, four strong arms, antennae 3
a: Dig, Shaft Self


You were on level 2 of the Dungeon.
You were not hungry.

You visited 1 branch of the dungeon, and saw 2 of its levels.

You collected 76 gold pieces.

Inventory:

Hand Weapons
 a - a +0 shortbow
 b - a +0 hunting sling
 l - a +0 club
 n - a +0 whip (weapon)
Missiles
 d - 35 arrows
 h - 141 stones (quivered)
 o - 23 bolts
Armour
 e - a +0 robe
 g - a +0 helmet
 q - a +1 robe of magic resistance (worn)
Jewellery
 i - an amulet of magic regeneration (around neck)
 p - an uncursed amulet of rage
Scrolls
 k - a scroll of teleportation {unknown}
 m - a scroll of recharging {unknown}
 t - a scroll of magic mapping {unknown}
Potions
 j - a potion of brilliance {unknown}
Books
 c - a book of Debilitation

   Spells                             Type                      Level
   a - Corona                         Hexes                        1
   b - Slow                           Hexes                        2
   c - Inner Flame                    Hexes/Fire                   3
   d - Portal Projectile              Hexes/Translocation          3
   e - Cause Fear                     Hexes                        4
   f - Leda's Liquefaction            Hexes/Earth                  4
Comestibles
 f - a fruit
 r - a bread ration
 s - 3 chunks of flesh


   Skills:
 + Level 1.9 Fighting
 + Level 0.6 Maces & Flails
 + Level 2.6 Bows
 + Level 1.9 Dodging
 + Level 1.3 Spellcasting
 + Level 4.3 Hexes


You had 2 spell levels left.
You knew the following spells:

 Your Spells              Type           Power        Failure   Level  Hunger
a - Corona                Hex            ##.....      4%          1    ##.....
b - Slow                  Hex            ##......     8%          2    ###....


Dungeon Overview and Level Annotations

Branches:
Dungeon (2/15)

Altars:

Annotations:
D:2 Robin


Innate Abilities, Weirdness & Mutations

You cannot be hasted, slowed, berserked, paralysed or teleported.
You can dig through walls and to a lower floor.
Your four strong arms can wield two-handed weapons with a shield.
You have a pair of large antennae on your head. (SInv)


Message History

A hobgoblin comes into view. It is wielding a short sword.
You closely miss the goblin.
The hobgoblin shouts!
The hobgoblin closely misses you. The goblin closely misses you.
The hobgoblin barely misses you. The goblin barely misses you.
You hit the goblin.
The goblin is severely wounded.
The hobgoblin hits you. The goblin hits you. The hobgoblin closely misses you.
The goblin misses you.
The goblin shouts!
You hit the goblin.
You kill the goblin!
The hobgoblin hits you.
* * * LOW HITPOINT WARNING * * *
The goblin closely misses you.
A hobgoblin comes into view.
You barely miss the hobgoblin. The hobgoblin hits you!
* * * LOW HITPOINT WARNING * * *
The goblin hits you but does no damage. The hobgoblin hits you.
You die...

#..#######..%...# ###
#.#).......g##### ..##
#.#.........# ...###.#........g#
....##.#........g#
.......#........g#
....####.......gg####### ....#
#.......ggg...... # # ....#
#......gg@######. ##..### ....#
#####.##### ....[.. ....### #.#
########.##### ......# ###.#
##........ #
....#.####...######..####### ##
....#...............### ###.
...#######.####..##...########...
..#######..###..#####.....<......
## #..........## ########...##


You could see Robin, 5 hobgoblins and 5 goblins.

Vanquished Creatures
  Jessica (D:2)
  An adder (D:2)
  3 leopard geckos (D:1)
  3 bats (D:1)
  6 giant cockroaches (D:1)
  3 goblins
  4 hobgoblins
  A frilled lizard (D:1)
  4 kobolds
  7 rats
33 creatures vanquished.

Notes
Turn   | Place    | Note
-------+----------+-------------------------------------------
     0 | D:1      | CotterCat the Formicid Arcane Marksman began the quest for the Orb.
     0 | D:1      | Reached XP level 1. HP: 15/15 MP: 2/2
   172 | D:1      | Reached skill level 4 in Hexes
   199 | D:1      | Reached XP level 2. HP: 14/21 MP: 3/3
   216 | D:1      | Learned a level 2 spell: Slow
   762 | D:1      | Reached XP level 3. HP: 23/26 MP: 4/4
  1437 | D:2      | Noticed Jessica
  1448 | D:2      | HP: 1/27 [Jessica (4)]
  1450 | D:2      | Killed Jessica
  1450 | D:2      | Reached XP level 4. HP: 1/33 MP: 5/5
  2049 | D:2      | Noticed Robin
  2068 | D:2      | Slain by a hobgoblin

Vault maps used:
D:1:      minmay_arrival_diagonal_passages
D:2:      first_bread, corexii_item_surrounded_by_moat, uniq_robin,
          uniq_jessica, uniq_crazy_yiuf_cottage

Skill      XL: |  1  2 |
---------------+-------+-----
Hexes          | 4 |  4.3
Bows           | 2 |  2.6
Fighting       | |  1.9
Maces & Flails | |  0.6
Dodging        | |  1.9
Spellcasting   | |  1.3

Action                   |  1- 3 |  4- 6 || total
-------------------------+-------+-------++-------
Melee: Club              |    12 |       ||    12
       Whip              |    19 |    24 ||    43
       Shortbow          |     1 |       ||     1
 Fire: Shortbow          |    71 |     7 ||    78
Throw: Stone             |       |     8 ||     8
 Cast: Slow              |     2 |     2 ||     4
       Corona            |     1 |       ||     1
  Use: Scroll            |     2 |       ||     2
  Eat: Bread ration      |     1 |       ||     1
Armor: Robe              |    20 |     6 ||    26
Dodge: Dodged            |    42 |    28 ||    70

Table legend:
 A = Spawn XP
 B = Non-spawn XP
 C = Spawn XP percentage of total XP
 D = Spawn monster count
 E = Non-spawn monster count
 F = Spawn count percentage of total count
 G = Total turns spent on level
                    A         B        C        D         E        F      G
               +---------+---------+-------+---------+---------+-------+---------
         Total |      11 |      93 |  10.6 |       6 |      27 |  18.2 |  2068
               +---------+---------+-------+---------+---------+-------+---------
           D:1 |       9 |      34 |  20.9 |       5 |      19 |  20.8 |  1391
           D:2 |       2 |      59 |   3.3 |       1 |       8 |  11.1 |   677
               +---------+---------+-------+---------+---------+-------+---------
